 Dungeon Crawl Stone Soup version 0.30.0-5-g1a98f26d00 (webtiles) character file.

Game seed: 828874095770496087

8801 SeerSkye the Severer (level 11, -8/90 (105) HPs)
             Began as a Minotaur Fighter on May 10, 2023.
             Was a High Priest of Jiyva.
             Mangled by a spectral orc knight
             ... wielding a +1 great sword
             ... summoned by Nergalle
              (24 damage)
             ... on level 11 of the Dungeon.
             The game lasted 00:10:52 (6849 turns).

SeerSkye the Severer (Minotaur Fighter)             Turns: 6849, Time: 00:10:53

HP:   -8/90 (105)   AC:  7    Str: 24    XL:     11   Next: 14%
MP:   10/10         EV:  7    Int: 13    God:    Jiyva [*****.]
Gold: 557           SH:  4    Dex:  7    Spells: 10/10 levels left

rFire   . . .        a - +0 war axe
rCold   . . .        c - +0 buckler
rNeg    . . .        s - +0 plate armour
rPois   .            (helmet restricted)
rElec   .            (no cloak)
rCorr   +            (no gloves)
SInv    .            (no boots)
Will    .....        (no amulet) Stlth
                     (no ring)
HPRegen 1.79/turn    (no ring)
MPRegen 0.57/turn

%: clarity
@: lethally poisoned (-8 -> -11), heavily drained
A: horns 2, retaliatory headbutt, clarity, clever 2, gelatinous body 1,
pseudopods 3
a: Renounce Religion, Oozemancy, Slimify


You were on level 11 of the Dungeon.
You worshipped Jiyva.
Jiyva was extremely pleased with you.
You visited 1 branch of the dungeon, and saw 11 of its levels.

You collected 557 gold pieces.

Inventory:

Hand Weapons
 a - a +0 war axe (weapon)
 q - a +5 battleaxe
Missiles
 h - a throwing net (quivered)
Armour
 c - a +0 buckler (worn)
 s - a +0 plate armour (worn)
Jewellery
 e - a ring of ice
 x - a ring of protection from fire
Wands
 l - a wand of roots (11)
 n - a wand of polymorph (5)
 o - a wand of flame (21)
 w - a wand of digging (6)
Scrolls
 d - 2 scrolls of silence
 f - 2 scrolls of fog
 g - a scroll of enchant armour
 j - a scroll of immolation
 m - 2 scrolls of fear
 p - a scroll of poison
 t - 2 scrolls of teleportation
 u - a scroll of blinking {unknown}
Potions
 i - a potion of magic
 k - 3 potions of attraction
 r - 4 potions of curing {@q1}
 v - 2 potions of brilliance
 A - a potion of haste {unknown}


   Skills:
 * Level 12.5 Fighting
 - Level 16.7 Axes
 + Level 3.6 Armour
 + Level 3.6 Shields


You had 10 spell levels left.
You didn't know any spells.
Your spell library contained the following spells:

 Spells                   Type           Power      Damage    Failure   Level
 Necrotise                Necr           0%         1d4       100%        1
 Cigotuvi's Dreadful Rot  Necr/Pois/Air  0%         N/A       100%        2
 Static Discharge         Conj/Air       0%         2-2/arc   100%        2
 Call Canine Familiar     Summ           0%         N/A       100%        3
 Ignite Poison            Fire/Tmut/Pois 0%         N/A       100%        3
 Portal Projectile        Hex/Tloc       0%         N/A       100%        3
 Vampiric Draining        Necr           0%         2d6       100%        3
 Airstrike                Air            0%         2d(0-16)  100%        4
 Anguish                  Hex/Necr       0%         N/A       100%        4
 Leda's Liquefaction      Hex/Erth       0%         N/A       100%        4
 Summon Lightning Spire   Summ/Air       0%         N/A       100%        4
 Agony                    Necr           0%         N/A       100%        5
 Freezing Cloud           Conj/Ice/Air   0%         6-21      100%        5
 Enfeeble                 Hex            0%         N/A       100%        7


Dungeon Overview and Level Annotations

Branches:
Dungeon (11/15) Zot: 26590  Temple (0/1) D:5            Lair (0/5) D:11
    Orc (0/2) D:9

Altars:
Cheibriados
Dithmenos
Elyvilon
Gozag
Hepliaklqana
Kikubaaqudgha
Nemelex Xobeh
Okawaru
Qazlal
Ru
Sif Muna
Uskayaw
Yredelemnul
Zin
Jiyva

Shops:
D:6 =   D:7 (:   D:8 (   D:10 *

Annotations:
D:3 2 transporters
D:7 2 runed translucent doors, Strat's ghost, novice KoHu
D:8 1 runed translucent door
D:11 Nergalle


Innate Abilities, Weirdness & Mutations

You have a pair of horns on your head.
You reflexively headbutt those who attack you in melee.
You possess an exceptional clarity of mind.
Your mind is very acute. (Int +8, Str/Dex -2)
Your rubbery body absorbs attacks. (AC +1, EV +1)
Armour fits poorly on your massive pseudopods.


Message History

Nergalle hits you but does no damage.
You are more poisoned.
The spectral orc warrior hits you with a +0 hand axe.
The spectral orc hits you with a +0 flail.
You feel drained.
You slash Nergalle! Your bludgeon misses Nergalle.
Nergalle is almost dead.
You barely miss the spectral orc knight.
You hit the spectral orc warrior but do no damage.
You slash the spectral orc!
You destroy the spectral orc!
The spectral orc disappears in a puff of smoke!
You feel very sick.
The spectral orc knight hits you with a +1 great sword!
* * * LOW HITPOINT WARNING * * *
Nergalle hits you with a +1 dagger of venom.
* * * LOW HITPOINT WARNING * * *
You are more poisoned.
Unknown command.
You closely miss Nergalle.
Nergalle is almost dead.
You barely miss the spectral orc knight.
You slash the spectral orc warrior!
You feel very sick.
The spectral orc knight hits you with a +1 great sword!!
* * * LOW HITPOINT WARNING * * *
The spectral orc warrior hits you with a +0 hand axe.
* * * LOW HITPOINT WARNING * * *
The spectral orc knight barely misses you.
You furiously retaliate!
You headbutt the spectral orc knight!
Nergalle casts a spell at the spectral orc warrior.
The spectral orc warrior seems to speed up.
You feel much better.
You feel very sick.
The spectral orc warrior barely misses you.
You furiously retaliate!
You headbutt the spectral orc warrior.
The spectral orc warrior hits you with a +0 hand axe!
* * * LOW HITPOINT WARNING * * *
The spectral orc knight hits you with a +1 great sword!!
You die...

#...# .#+##...#
........#
........#########
........'.......#
........#######.#
.#..#.......###.#
#.#..#ZoZ....##>.#
.....>.@Z....###.#
####$.######## #.#
..... #.# #####
#.# #.# #.# #.#
#.# #.# #.#


You could see Nergalle, 2 spectral orc warriors and a spectral orc knight
(summoned, fast).

Vanquished Creatures
  Fannar (D:11)
  2 two-headed ogres
  A boulder beetle (D:11)
  2 trolls (D:10)
  Grinder (D:3)
  Sigmund (D:3)
  4 yaks (D:9)
  4 wyverns
  2 steam dragons
  2 wraiths
  Edmund (D:4)
  An acid dragon (D:11)
  2 orc warriors
  4 black bears
  2 centaurs
  2 phantoms
  Blork the orc (D:6)
  3 kobold brigands
  3 bullfrogs
  A scorpion (D:5)
  7 wights
  17 killer bees (D:9)
  10 howler monkeys
  5 hounds
  An iron imp (D:3)
  6 orc priests (D:9)
  4 iguanas
  Ijyb (D:3)
  10 orc wizards
  5 adders
  A shadow imp (D:6)
  A white imp (D:6)
  3 worms
  A dart slug (D:1)
  37 orcs
  5 ball pythons
  5 endoplasms
  2 giant cockroaches
  5 goblins
  5 hobgoblins
  6 jackals
  7 quokkas
  4 bats
  3 frilled lizards
  18 kobolds
  5 rats
214 creatures vanquished.

Vanquished Creatures (others)
  The ghost of ChrisAssaf the Ruffian, a novice DrTm of Ru (D:8)
  2 black bears (D:6)
  An ice beast (D:5)
  A wight (D:6)
  4 killer bees (D:9)
  14 jellies
  3 hounds (D:5)
  An orc wizard (D:9)
  4 adders
  A shadow imp (D:5)
  An endoplasm (D:3)
  6 orcs
  4 ball pythons (D:3)
  2 goblins
  5 jackals (D:5)
  A kobold (D:4)
  A butterfly (D:9)
52 creatures vanquished.

Grand Total: 266 creatures vanquished

Notes
Turn   | Place    | Note
-------+----------+-------------------------------------------
     0 | D:1      | SeerSkye the Minotaur Fighter began the quest for the Orb.
     0 | D:1      | Reached XP level 1. HP: 19/19 MP: 0/0
    80 | D:1      | You fall into a shaft and drop 1 floor!
   127 | D:2      | Reached skill level 3 in Axes
   130 | D:2      | Reached XP level 2. HP: 27/27 MP: 1/1
   192 | D:2      | Found a stormy altar of Qazlal.
   594 | D:1      | Reached XP level 3. HP: 33/33 MP: 2/2
  1041 | D:2      | Reached skill level 4 in Axes
  1227 | D:3      | Noticed Ijyb
  1235 | D:3      | Killed Ijyb
  1236 | D:3      | Reached XP level 4. HP: 36/41 MP: 3/3
  1256 | D:3      | Found a faded altar of an unknown god.
  1295 | D:3      | Noticed Grinder
  1297 | D:3      | Paralysed by Grinder for 3 turns
  1307 | D:3      | Paralysed by Grinder for 3 turns
  1312 | D:3      | Found a transporter.
  1319 | D:3      | Killed Grinder
  1320 | D:3      | Reached skill level 5 in Fighting
  1320 | D:3      | Reached skill level 6 in Axes
  1320 | D:3      | Reached XP level 5. HP: 13/48 MP: 4/4
  1320 | D:3      | Reached XP level 6. HP: 15/56 MP: 5/5
  1344 | D:3      | Prayed at the altar of an unknown god.
  1344 | D:3      | Became a worshipper of Jiyva Jalu the Shapeless
  1344 | D:3      | Reached * piety under Jiyva
  1391 | D:3      | Found a transporter.
  1427 | D:3      | Noticed Sigmund
  1434 | D:3      | Killed Sigmund
  1435 | D:3      | Reached skill level 7 in Axes
  1598 | D:3      | Found a shimmering blue altar of Sif Muna.
  1682 | D:3      | Found a snail-covered altar of Cheibriados.
  1739 | D:3      | Reached ** piety under Jiyva
  1803 | D:4      | Reached XP level 7. HP: 55/63 MP: 6/6
  1952 | D:4      | Noticed Edmund
  1966 | D:4      | Killed Edmund
  1967 | D:4      | Reached skill level 8 in Axes
  2059 | D:4      | Found a glowing silver altar of Zin.
  2226 | D:4      | Found Zecu's General Store.
  2468 | D:5      | Entered Level 5 of the Dungeon
  2510 | D:5      | Reached skill level 9 in Axes
  2515 | D:5      | Reached XP level 8. HP: 60/73 MP: 7/7
  2577 | D:5      | Reached *** piety under Jiyva
  2580 | D:5      | Reached skill level 10 in Axes
  2639 | D:5      | Found a basalt altar of Yredelemnul.
  2815 | D:5      | Gained mutation: You have sharp toenails. [Jiyva's grace]
  2815 | D:5      | Gained mutation: You have razor-sharp toenails. [Jiyva's
                  | grace]
  2815 | D:5      | Gained mutation: You have claws for feet. [Jiyva's grace]
  2815 | D:5      | Gained mutation: You are strong-willed. (Will+) [Jiyva's
                  | grace]
  2841 | D:5      | Found a sparkling altar of Nemelex Xobeh.
  2857 | D:5      | Found a staircase to the Ecumenical Temple.
  2902 | D:5      | Found a shadowy altar of Dithmenos.
  2916 | D:5      | Reached **** piety under Jiyva
  2919 | D:5      | Found a sacrificial altar of Ru.
  3323 | D:6      | Found Hish's Jewellery Boutique.
  3370 | D:6      | Found an opulent altar of Gozag.
  3380 | D:6      | Noticed Blork the orc
  3387 | D:6      | Killed Blork the orc
  3390 | D:6      | Reached skill level 11 in Axes
  3610 | D:6      | Reached ***** piety under Jiyva
  3783 | D:7      | Reached XP level 9. HP: 76/82 MP: 8/8
  3888 | D:7      | Found Epralam's Self-Improvement Boutique.
  3917 | D:7      | Found Duthridd's Weapon Shoppe.
  3988 | D:7      | Found a large runed translucent door.
  3988 | D:7      | Found a large runed translucent door.
  4135 | D:7      | Reached skill level 12 in Axes
  4142 | D:7      | Found an ancient bone altar of Kikubaaqudgha.
  4155 | D:7      | Lost mutation: You have claws for feet. [potion of
                  | mutation]
  4155 | D:7      | Lost mutation: You have razor-sharp toenails. [potion of
                  | mutation]
  4155 | D:7      | Lost mutation: You are strong-willed. (Will+) [potion of
                  | mutation]
  4155 | D:7      | Gained mutation: Potions are less effective at restoring
                  | your health. [potion of mutation]
  4155 | D:7      | Gained mutation: Your spells are a little easier to cast,
                  | but a little less powerful. [potion of mutation]
  4313 | D:7      | Noticed Strat's ghost (novice KoHu)
  4334 | D:8      | Lost mutation: You have sharp toenails. [Jiyva's grace]
  4334 | D:8      | Lost mutation: Potions are less effective at restoring your
                  | health. [Jiyva's grace]
  4334 | D:8      | Lost mutation: Your spells are a little easier to cast, but
                  | a little less powerful. [Jiyva's grace]
  4334 | D:8      | Gained mutation: Armour fits poorly on your pseudopods.
                  | [Jiyva's grace]
  4334 | D:8      | Gained mutation: Armour fits poorly on your large
                  | pseudopods. [Jiyva's grace]
  4334 | D:8      | Gained mutation: Armour fits poorly on your massive
                  | pseudopods. [Jiyva's grace]
  4334 | D:8      | Gained mutation: Your rubbery body absorbs attacks. (AC +1,
                  | EV +1) [Jiyva's grace]
  4447 | D:8      | Reached skill level 13 in Axes
  4477 | D:8      | Found a hide-covered altar of Uskayaw.
  4525 | D:8      | Reached skill level 10 in Fighting
  4555 | D:8      | Found a runed translucent door.
  4556 | D:8      | Noticed ChrisAssaf's ghost (novice DrTm)
  4561 | D:8      | Found Rocibbete's Antique Weapon Shoppe.
  4663 | D:8      | Found an iron altar of Okawaru.
  4672 | D:8      | Killed ChrisAssaf's ghost
  4891 | D:8      | Noticed a komodo dragon
  4971 | D:9      | Reached ****** piety under Jiyva
  5082 | D:9      | Noticed a two-headed ogre
  5095 | D:9      | Killed a two-headed ogre
  5096 | D:9      | Reached skill level 14 in Axes
  5096 | D:9      | Reached XP level 10. HP: 89/94 MP: 7/9
  5117 | D:9      | Found a white marble altar of Elyvilon.
  5177 | D:9      | Found a staircase to the Orcish Mines.
  5289 | D:9      | Found a stormy altar of Qazlal.
  5293 | D:9      | Found a hazy altar of Hepliaklqana.
  5302 | D:9      | Reached skill level 15 in Axes
  5710 | D:10     | Entered Level 10 of the Dungeon
  5840 | D:10     | Noticed a two-headed ogre
  5849 | D:10     | Slimified a two-headed ogre
  5849 | D:10     | a two-headed ogre changed into a slime creature
  5960 | D:10     | Found Fatoik's Neck Hole.
  6118 | D:10     | Reached skill level 16 in Axes
  6291 | D:10     | Identified the +5 helmet of the Fuzzy Wumpus {rElec Dex+3
                  | Stlth+}
  6423 | D:11     | Lost mutation: Armour fits poorly on your massive
                  | pseudopods. [Jiyva's grace]
  6423 | D:11     | Gained mutation: Armour fits poorly on your massive
                  | pseudopods. [Jiyva's grace]
  6423 | D:11     | Gained mutation: You possess an exceptional clarity of
                  | mind. [Jiyva's grace]
  6423 | D:11     | Gained mutation: Your mind is acute. (Int +4, Str/Dex -1)
                  | [Jiyva's grace]
  6423 | D:11     | Gained mutation: Your mind is very acute. (Int +8, Str/Dex
                  | -2) [Jiyva's grace]
  6438 | D:11     | Noticed Fannar
  6481 | D:11     | Killed Fannar
  6557 | D:11     | Noticed a two-headed ogre
  6565 | D:11     | Killed a two-headed ogre
  6566 | D:11     | Reached XP level 11. HP: 79/105 MP: 10/10
  6665 | D:11     | Noticed a boulder beetle
  6682 | D:11     | Killed a boulder beetle
  6816 | D:11     | Found a staircase to the Lair.
  6834 | D:11     | Noticed Nergalle
  6849 | D:11     | Mangled by a spectral orc knight

Illustrated notes

Levels and vault maps discovered:
D:1:      dpeg_arrival_rooms_a, layout_basic
D:2:      layout_basic, basic_altar
D:3:      gammafunk_wand_slinger, layout_rooms, slow_altar_2,
          mainiacjoe_overflow_alcove_2, ebering_ecumenical_altar_hall,
          minmay_mini_jars, uniq_sigmund, uniq_grinder, uniq_ijyb
D:4:      layout_loops_ring, zin_statuary, serial_shops, shop, uniq_edmund
D:5:      layout_loops_ring, kennysheep_little_box, nemelex_spade_bored_becter,
          mainiacjoe_overflow_small_starburst, yredelemnul_altar_generic,
          minmay_temple_entry_poolview, minmay_misc_feat_five
D:6:      layout_gridville, mainiacjoe_overflow_six_doors_small, serial_shops,
          shop, uniq_blork_the_orc
D:7:      layout_gridville, mainiacjoe_overflow_cross_hatched, serial_shops,
          shop, ebering_ghost_disaster_area, solitary_fountain,
          nicolae_shop_self_help
D:8:      layout_cave_pools, lemuel_coloured_pillars_altar,
          nicolae_uskayaw_suspiria, serial_shops,
          nicolae_shop_tiny_statue_garden, ebering_ghost_inner_flame
D:9:      layout_roguey, nicolae_elyvilon_peaceful_grove, jmf_multi_god_temple,
          hiddenorc2_lemuel
D:10:     layout_small_grid, nicolae_shop_sticking_my_neck_out
D:11:     layout_basic, lair_entry_dummy, serial_corexii_hall,
          chequers_hall_statues_y, corexii_hall_statues_x,
          corexii_hall_statues_x, uniq_fannar, uniq_nergalle

Skill      XL: |  1  2  3  4  5  6  7  8  9 10 |
---------------+-------------------------------+-----
Axes           | 3 4 6 7 9 11 14 16 | 16.7
Fighting       | 4 5 6 7 8 10 12 | 12.5
Armour         | |  3.6
Shields        | |  3.6

Action                     |  1- 3 |  4- 6 |  7- 9 | 10-12 || total
---------------------------+-------+-------+-------+-------++-------
  Melee: War axe           |    79 |    51 |   196 |   184 ||   510
         Headbutt          |     9 |     3 |    28 |    34 ||    74
         Kick              |       |       |    12 |       ||    12
         Pseudopods        |       |       |    16 |    45 ||    61
 Invoke: Oozemancy         |       |       |     1 |     2 ||     3
         Slimify           |       |       |       |     1 ||     1
  Evoke: Wand              |       |       |       |     1 ||     1
    Use: Potion            |       |     1 |     6 |     3 ||    10
         Scroll            |       |       |    11 |     1 ||    12
 Armour: Scale mail        |    40 |    23 |    31 |       ||    94
         Plate armour      |       |       |    38 |    44 ||    82
  Dodge: Dodged            |    40 |    16 |    72 |    38 ||   166
  Block: Buckler           |    17 |    13 |    38 |    26 ||    94
